 Dungeon Crawl Stone Soup version 0.13-a0-2210-g26cee09 (webtiles) character file.

203 Kae the Firebug (level 4, 0/24 HPs)
             Began as a Tengu Fire Elementalist on July 3, 2013.
             Slain by an orc priest
             ... wielding a -1,+0 orcish trident
              (2 damage)
             ... on Level 3 of the Dungeon.
             The game lasted 00:03:19 (2124 turns).

Kae the Firebug (Tengu Fire Elementalist)           Turns: 2124, Time: 00:03:19

HP   0/24        AC  2     Str  8      XL: 4   Next: 56%
MP   0/8         EV 12     Int 17      God:
Gold 113         SH  0     Dex 14      Spells:  3 memorised,  0 levels left

Res.Fire  : . . .   See Invis. : .   (no weapon)
Res.Cold  : . . .   Warding    : .   a - +0 robe
Life Prot.: . . .   Conserve   : .   (no shield)
Res.Poison: .       Res.Corr.  : .   (helmet restricted)
Res.Elec. : .       Clarity    : .   (no cloak)
Sust.Abil.: . .     Spirit.Shd : .   (no gloves)
Res.Mut.  : .       Stasis     : .   (boots unavailable)
Res.Rott. : .       Flight     : .   (no amulet)
Saprovore : . . .                    (no ring)
                                     (no ring)

@: slightly resistant to hostile enchantments, fairly stealthy
A: beak, talons 3
a: no special abilities


You were on level 3 of the Dungeon.
You were very hungry.

You visited 1 branch of the dungeon, and saw 3 of its levels.

You collected 93 gold pieces.

Inventory:

Armour
 a - a +0 robe (worn)
Comestibles
 c - 2 bread rations
 f - 3 meat rations
 m - a pear
Scrolls
 d - 4 scrolls of remove curse {unknown}
 h - a scroll of curse armour {unknown}
 i - a scroll of fear {unknown}
 k - 2 scrolls of amnesia {unknown}
 n - a scroll of recharging {unknown}
Potions
 e - a potion of curing {unknown}
 g - a potion of restore abilities {unknown}
 j - a potion of porridge {unknown}
 l - a potion of paralysis {unknown}
Books
 b - a book of Flames

   Spells                             Type                      Level
   *Flame Tongue                      Conjuration/Fire             1
   *Throw Flame                       Conjuration/Fire             2
   *Conjure Flame                     Conjuration/Fire             3
   Inner Flame                        Hexes/Fire                   3
   Sticky Flame                       Conjuration/Fire             4
   Fireball                           Conjuration/Fire             5


   Skills:
 - Level 2.1 Dodging
 - Level 2.0 Stealth
 + Level 1.5 Spellcasting
 * Level 3.8 Conjurations
 * Level 4.4 Fire Magic


You couldn't memorise any spells.
You knew the following spells:

 Your Spells              Type           Power        Failure   Level  Hunger
a - Flame Tongue          Conj/Fire      ###..        3%          1    ##.....
b - Throw Flame           Conj/Fire      ###...       6%          2    ###....
c - Conjure Flame         Conj/Fire      ###.....     12%         3    ####...


Dungeon Overview and Level Annotations

Branches:
Dungeon (3/27)

Altars:


Innate Abilities, Weirdness & Mutations

You have a beak for a mouth.
You have claws for feet.


Message History

The orc priest invokes the aid of Beogh against you.
You resist.
Casting: Flame Tongue
Confirm with . or Enter, or press ? or * to list all spells.
Aiming: Flame Tongue
Press: ? - help, Shift-Dir - straight line, f/p - orc priest
Aim: an orc priest, wielding an orcish trident and wearing an orcish leather armour The flame hits the orc priest.
The orc priest appears unharmed.
The orc priest completely misses you.
You barely miss the orc priest.
You claw the orc priest, but do no damage.
Your peck misses the orc priest. The orc priest closely misses you.
You hit the orc priest but do no damage.
Your kick misses the orc priest.
The orc priest hits you with an orcish trident!
* * * LOW HITPOINT WARNING * * *
You hit the orc priest but do no damage.
Your kick misses the orc priest.
The orc priest hits you with an orcish trident.
You die...

#.. #..####### #..# #..#
#####..####(.#
............# ..........(#
...........# #.........#
#...####.o##########
#######...####..@........#
...<..(..............)...#
................(#######.#
...............(.# #.#
...<(............# #.#
###..............# #.#
#.)............#######.#
.......................#
........................#


You could see an orc priest.

Vanquished Creatures
  3 adders
  2 worms (D:2)
  A giant eyeball (D:3)
  A giant gecko (D:1)
  4 orcs (D:3)
  3 giant cockroaches
  5 goblins
  7 hobgoblins
  A quokka (D:2)
  2 bats (D:1)
  A giant newt (D:2)
  8 kobolds
  5 rats
43 creatures vanquished.

Vanquished Creatures (others)
  A goblin (D:2)
1 creature vanquished.

Grand Total: 44 creatures vanquished

Notes
Turn   | Place    | Note
--------------------------------------------------------------
     0 | D:1      | Kae, the Tengu Fire Elementalist, began the quest for the Orb.
     0 | D:1      | Reached XP level 1. HP: 10/10 MP: 3/3
   253 | D:1      | Reached XP level 2. HP: 15/15 MP: 3/5
   257 | D:1      | Learned a level 2 spell: Throw Flame
   706 | D:1      | Reached skill level 4 in Fire Magic
   911 | D:1      | Reached XP level 3. HP: 19/19 MP: 6/6
  1496 | D:2      | Reached XP level 4. HP: 21/24 MP: 6/8
  1942 | D:3      | Paralysed by a giant eyeball for 2 turns
  1989 | D:3      | Learned a level 3 spell: Conjure Flame
  2124 | D:3      | Slain by an orc priest

Action                   |  1- 3 |  4- 6 || total
-------------------------+-------+-------++-------
Melee: Unarmed           |    36 |    25 ||    61
 Cast: Flame Tongue      |    40 |    32 ||    72
 Stab: Sleeping          |       |     1 ||     1
